 Dungeon Crawl Stone Soup version 0.27-a0-1140-g099f9bb0e8 (webtiles) character file.

Game seed: 10055694735160628619

84 cxfitdood the Firebug (level 4, -5/35 HPs)
             Began as a Draconian Fire Elementalist on May 9, 2021.
             Slain by Terence
             ... wielding a +0 flail
              (10 damage)
             ... on level 3 of the Dungeon.
             The game lasted 00:12:44 (2580 turns).

cxfitdood the Firebug (Draconian Fire Elementalist) Turns: 2580, Time: 00:12:44

Health: -5/35      AC:  5    Str: 10    XL:     4   Next: 23%
Magic:  7/7        EV: 12    Int: 16    God:
Gold:   84         SH:  0    Dex: 12    Spells: 6/7 levels left

rFire    . . .     SeeInvis .   b - +0 war axe
rCold    . . .     Faith    .   (no shield)
rNeg     . . .     Spirit   .   (armour unavailable)
rPois    .         Reflect  .   (helmet restricted)
rElec    .         Harm     .   (no cloak)
rCorr    .         Rampage  .   (no gloves)
Will     .....                  (no boots)
Stlth    ++........             (no amulet)
HPRegen  0.11/turn              (no ring)
MPRegen  0.10/turn              (no ring)

@: no status effects
A: AC +5, unfitting armour, cold-blooded
a: no special abilities


You were on level 3 of the Dungeon.
You visited 1 branch of the dungeon, and saw 3 of its levels.

You collected 84 gold pieces.

Inventory:

Hand Weapons
 b - a +0 war axe (weapon)
 c - a +0 club
 g - a +0 dagger
 h - a +0 dagger
 m - a +0 dagger
 n - a +0 club
 v - a +0 short sword
Missiles
 i - 29 stones
 t - 49 arrows
Armour
 a - a +0 robe
 d - a +0 ring mail
 k - a +0 ring mail
 r - a +0 leather armour
 s - a +0 scale mail
 w - a +0 chain mail
Jewellery
 l - an amulet of reflection
 u - a ring of willpower
Wands
 y - a wand of iceblast (14)
Scrolls
 e - 2 scrolls of identify {unknown}
 f - a scroll of teleportation {unknown}
 o - a scroll of acquirement {unknown}
 q - a scroll of blinking {unknown}
Potions
 j - a potion of curing {unknown}
 p - a potion of brilliance {unknown}
 x - a potion of magic {unknown}


   Skills:
 + Level 1.0 Fighting
 + Level 1.9 Axes
 + Level 2.3 Dodging
 + Level 2.2 Stealth
 + Level 2.2 Spellcasting
 + Level 1.3 Conjurations
 + Level 3.5 Fire Magic


You had 6 spell levels left.
You knew the following spells:

 Your Spells              Type           Power      Damage    Failure   Level
a - Foxfire               Conj/Fire      36%        2x1d5     8%          1

Your spell library contained the following spells:

 Spells                   Type           Power      Damage    Failure   Level
 Animate Skeleton         Necr           2%         N/A       21%         1
 Pain                     Necr           4%         1d4       21%         1
 Conjure Flame            Conj/Fire      9%         6-21      22%         3
 Inner Flame              Hex/Fire       7%         N/A       30%         3
 Vampiric Draining        Necr           0%         2d6       52%         3
 Sticky Flame             Conj/Fire      9%         2d3       58%         4
 Animate Dead             Necr           0%         N/A       90%         4
 Fireball                 Conj/Fire      4%         3d4       91%         5
 Agony                    Necr           1%         N/A       99%         5


Dungeon Overview and Level Annotations

Branches:
Dungeon (3/15)

Altars:

Annotations:
D:3 Terence


Innate Abilities, Weirdness & Mutations

Your plain brown scales are hard. (AC +5)
You cannot fit into any form of body armour.
You are cold-blooded and may be slowed by cold attacks.


Message History

You tail-slap the hobgoblin, but do no damage.
The hobgoblin is heavily wounded.
The hobgoblin hits you but does no damage.
You hit the hobgoblin.
You kill the hobgoblin!
No target in view!
A giant cockroach comes into view.
You slash the giant cockroach!
You kill the giant cockroach!
No target in view!
No target in view!
You see here a giant cockroach corpse.
You see here a giant cockroach corpse.
Terence the Incautious comes into view.
He is wielding a +0 flail.
No target in view!
No target in view!
Terence is nearby!
Terence shouts!
Terence is nearby!
Terence hits you with a +0 flail.
You hit Terence.
Terence is lightly wounded.
Terence hits you with a +0 flail.
You hit Terence.
Terence is moderately wounded.
Terence shouts, "DIE!!!"
Terence hits you with a +0 flail! x2
* * * LOW HITPOINT WARNING * * *
You are too injured to fight recklessly!
You are too injured to fight recklessly!
You are too injured to fight recklessly!
You are too injured to fight recklessly!
You are too injured to fight recklessly!
You are too injured to fight recklessly!
You are too injured to fight recklessly!
Terence hits you with a +0 flail.
* * * LOW HITPOINT WARNING * * *
You are too injured to fight recklessly!
Terence hits you with a +0 flail!
You die...

#.# #.# ####.###.#
#.# #......... ###
####.## #.########
#.. .....###.# #.#
.....##.# #.# #...#
#.# #.####.#####..#
##.##
#.........@#..###...#
######.###.@........#
#.# ###..###...#
#.#####..# #####
#........##
####......###
#.###....#
##.###....#
########...##....#


You could see Terence.

Vanquished Creatures
  A hound zombie (D:3)
  An adder (D:3)
  An adder zombie (D:3)
  An adder skeleton (D:3)
  A worm (D:2)
  A dart slug (D:1)
  4 orcs (D:3)
  2 giant cockroaches
  6 goblins
  4 hobgoblins
  6 jackals
  2 quokkas (D:1)
  A ball python (D:2)
  A ball python skeleton (D:3)
  A ball python zombie (D:3)
  3 bats
  A jackal zombie (D:3)
  2 kobolds
  4 rats
43 creatures vanquished.

Vanquished Creatures (others)
  33 foxfires
  7 withered plants (D:3)
40 creatures vanquished.

Grand Total: 83 creatures vanquished

Notes
Turn   | Place    | Note
-------+----------+-------------------------------------------
     0 | D:1      | cxfitdood the Draconian Fire Elementalist began the quest
                  | for the Orb.
     0 | D:1      | Reached XP level 1. HP: 14/14 MP: 3/3
   461 | D:1      | Reached XP level 2. HP: 15/20 MP: 5/5
  1424 | D:2      | Found a faded altar of an unknown god.
  1490 | D:3      | Reached skill level 1 in Axes
  1490 | D:3      | Reached XP level 3. HP: 18/26 MP: 0/6
  2220 | D:3      | Reached skill level 1 in Fighting
  2220 | D:3      | Reached XP level 4. HP: 27/35 MP: 5/7
  2556 | D:3      | Noticed Terence
  2580 | D:3      | Slain by Terence

Illustrated notes

Levels and vault maps discovered:
D:1:      dpeg_arrival_fog, layout_rooms, nrook_loot_triangle, minivault_27
D:2:      layout_rooms, shapermc_ecumenical_altar_mp_urbaneastern,
          kennysheep_donut
D:3:      layout_loops_corners, serial_undead, serial_undead_a, serial_undead_b,
          serial_undead_b, serial_undead_b, uniq_terence

Skill      XL: |  1  2  3 |
---------------+----------+-----
Stealth        | 2 |  2.2
Dodging        | 2 |  2.3
Axes           | 1 |  1.9
Fighting       | 1 |  1.0
Spellcasting   | |  2.2
Conjurations   | |  1.3
Fire Magic     | |  3.5

Action                   |  1- 3 |  4- 6 || total
-------------------------+-------+-------++-------
Melee: War axe           |   103 |    24 ||   127
       Tailslap          |     8 |     4 ||    12
 Cast: Foxfire           |    19 |     1 ||    20
 Stab: Sleeping          |     2 |       ||     2
Armor: Skin              |    61 |     7 ||    68
Dodge: Dodged            |    93 |    19 ||   112

Table legend: (Time is in decaauts)
 A = Elapsed time spent in this place.
 B = Non-inter-level travel time spent in this place.
 C = Inter-level travel time spent in this place.
 D = Time resting spent in this place.
 E = Time spent auto-exploring this place.
 F = Levels seen in this place.
 G = Mean time per level.
                   A        B        C        D        E       F      G
               +--------+--------+--------+--------+--------+-----+--------+
         Total |   2636 |   2634 |      2 |      0 |   1512 |   3 |  878.7 |
       Dungeon |   2636 |   2634 |      2 |      0 |   1512 |   3 |  878.7 |
               +--------+--------+--------+--------+--------+-----+--------+

Top non-repeatable levels by time:
     D:3: 1126 daAuts
     D:1: 929 daAuts
     D:2: 580 daAuts
